 Dungeon Crawl Stone Soup version 0.28-a0-919-g0b5b508569 (webtiles) character file.

Game seed: 3155718402118110493

485 Twinkles the Sneak (level 6, -2/32 HPs)
             Began as a Vampire Enchanter on Nov 25, 2021.
             Was an Initiate of Uskayaw.
             Slain by a gnoll (5 damage)
             ... on level 5 of the Dungeon.
             The game lasted 00:25:46 (5534 turns).

Twinkles the Sneak (Vampire Enchanter)              Turns: 5534, Time: 00:25:46

Health: -2/32      AC:  3    Str:  7    XL:     6   Next: 88%
Magic:  5/11       EV: 13    Int: 20    God:    Uskayaw [......]
Gold:   189        SH:  0    Dex: 14    Spells: 4/12 levels left

rFire   . . .      SeeInvis +   a - +1 dagger
rCold   + + .      Faith    .   (no shield)
rNeg    + + +      Spirit   .   b - +0 robe
rPois   ∞          Reflect  .   (no helmet)
rElec   .          Harm     .   d - +0 cloak
rCorr   .          Rampage  .   (no gloves)
Will    .....                   (no boots)
Stlth   +++++.....              (no amulet)
HPRegen 0.00/turn               (no ring)
MPRegen 0.12/turn               (no ring)

@: confusing by touch, bloodless, inhibited regen
A: bloodless, fangs 3, see invisible, vampiric 2
a: Bat Form, Revivify, Renounce Religion


You were on level 5 of the Dungeon.
You worshipped Uskayaw.
Uskayaw was noncommittal.
You visited 2 branches of the dungeon, and saw 6 of its levels.

You collected 189 gold pieces.

Inventory:

Hand Weapons
 a - a +1 dagger (weapon)
Missiles
 f - 33 sling bullets
 k - 16 poisoned darts
 o - 2 throwing nets
 s - 172 stones
Armour
 b - a +0 robe (worn)
 d - a +0 cloak (worn)
Wands
 y - a wand of mindburst (16)
Scrolls
 c - 2 scrolls of enchant armour {unknown}
 e - a scroll of amnesia {unknown}
 h - a scroll of immolation {unknown}
 i - a scroll of teleportation {unknown}
 m - a scroll of blinking {unknown}
 p - a scroll of brand weapon {unknown}
 q - a scroll of enchant weapon {unknown}
 r - a scroll of identify {unknown}
 t - a scroll of summoning {unknown}
Potions
 g - a potion of curing {unknown}
 j - 2 potions of degeneration {unknown}
 l - 2 potions of haste {unknown}
 n - a potion of attraction {unknown}
 I - a potion of invisibility


   Skills:
 + Level 3.5 Short Blades
 + Level 4.1 Dodging
 + Level 6.7 Stealth
 - Level 3.5 Spellcasting
 - Level 6.3 Hexes
 + Level 0.0 Invocations


You had 4 spell levels left.
You knew the following spells:

 Your Spells              Type           Power      Damage    Failure   Level
a - Ensorcelled Hibernat  Hex/Ice        32%        N/A       5%          2
b - Confusing Touch       Hex            29%        N/A       3%          3
c - Tukima's Dance        Hex            29%        N/A       3%          3

Your spell library contained the following spells:

 Spells                   Type           Power      Damage    Failure   Level
 Dazzling Flash           Conj/Hex       32%        N/A       11%         3
 Scorch                   Fire           6%         2d5       21%         2
 Flame Wave               Conj/Fire      3%         3d3       80%         4
 Summon Cactus Giant      Summ           1%         N/A       100%        6


Dungeon Overview and Level Annotations

Branches:
Dungeon (5/15)             Temple (1/1) D:5

Altars:
Cheibriados
Dithmenos
Fedhas
Gozag
Hepliaklqana
Kikubaaqudgha
Makhleb
Nemelex Xobeh
Okawaru
Qazlal
Ru
Sif Muna
Trog
Uskayaw
Vehumet
Xom
Yredelemnul
Zin
The Shining One

Shops:
D:4 :   D:5 :


Innate Abilities, Weirdness & Mutations

You do not regenerate when monsters are visible.
You are frail without blood (-20% HP).
You can heal yourself when you bite living creatures.
You are immune to poison.
You have razor-sharp teeth.
You have supernaturally acute eyesight. (SInv)
You are afflicted with vampirism and can become a bat while bloodless.


Message History

The gnoll moves out of view.
The gnoll shouts!
You hear a shout! x2
The gnoll shouts!
You start waiting.
A gnoll is nearby!
The gnoll hits you with a +0 spear.
You hit the gnoll but do no damage. Your bite misses the gnoll.
The gnoll hits you with a +0 spear!
You hit the gnoll. You bite the gnoll, but do no damage.
The gnoll is lightly wounded.
The gnoll hits you with a +0 spear.
You hit the gnoll but do no damage.
The gnoll is lightly wounded.
The gnoll barely misses you.
You hit the gnoll but do no damage. You bite the gnoll, but do no damage.
The gnoll is lightly wounded.
The gnoll barely misses you.
Casting: Confusing Touch (dangerous; 3% risk of failure)
Press: ? - help, Q - select action, (/) - cycle Dir - look around, f - activate Your hands begin to glow red.
The gnoll hits you from afar with a +0 spear.
The gnoll hits you with a +0 spear.
You hit the gnoll but do no damage.
The gnoll appears confused.
Your bite misses the gnoll.
The gnoll is lightly wounded.
The gnoll hits you with a +0 spear.
* * * LOW HITPOINT WARNING * * *
You hit the gnoll but do no damage.
The gnoll is lightly wounded.
Casting: Confusing Touch (dangerous; 3% risk of failure)
Press: ? - help, Q - select action, (/) - cycle Dir - look around, f - activate Your hands begin to glow red.
You hit the gnoll but do no damage. You bite the gnoll, but do no damage.
The gnoll hits you with a +0 club.
* * * LOW HITPOINT WARNING * * *
The gnoll hits the gnoll with a +0 spear.
You completely miss the gnoll. You bite the gnoll, but do no damage.
The gnoll is lightly wounded.
The gnoll hits you with a +0 club.
You die...

..#.##)≈≈.# ##.##[...#....#..#
#.#.8#.≈≈.# ##.#.#.g#....##.##
#.#..#.≈≈.#
##.###g..#######..###
#.#.##.≈≈.# #.###.g..# ##.##.
#.#.##.≈≈.# #.# #....# #..#.
#.#.##.≈≈.###.###....# ##.#.
#.#.8#.≈≈.##.#.##....# #####...
#.#..#.≈≈.#.###.##g#.##
#....... #'##.≈≈.#.####@g....#
#.......
#..'.≈≈.##.#####.#..####.......
#..#.≈≈.###.#.#................
#(.#.≈≈.# #.#)#....###.........
#..#.≈≈.# ##.##....# #.........
#..#.≈≈.#####.#....# #.........
#..#.≈≈.#8###.##...# #.........
#..#.≈≈.#.##.##.#..# #.........
#..##≈≈###..###....# #.........


You could see 2 gnolls.

Vanquished Creatures
  A kobold brigand (D:4)
  A scorpion (D:5)
  A water moccasin zombie (D:5)
  A jelly (D:4)
  A gnoll shaman (D:5)
  An iguana (D:5)
  A hound skeleton (D:4)
  A howler monkey zombie (D:5)
  5 adders
  A white imp (D:4)
  3 ufetubi
  An adder zombie (D:5)
  2 adder skeletons
  A worm (D:3)
  2 dart slugs
  7 orcs
  6 ball pythons
  5 endoplasms
  2 giant cockroaches (D:1)
  8 goblins
  13 hobgoblins
  4 jackals (D:3)
  3 quokkas
  6 bats
  6 frilled lizards
  11 kobolds
  9 rats
103 creatures vanquished.

Vanquished Creatures (others)
  11 plants (D:4)
11 creatures vanquished.

Grand Total: 114 creatures vanquished

Notes
Turn   | Place    | Note
-------+----------+-------------------------------------------
     0 | D:1      | Twinkles the Vampire Enchanter began the quest for the Orb.
     0 | D:1      | Reached XP level 1. HP: 13/13 MP: 3/3
   372 | D:1      | Reached XP level 2. HP: 10/19 MP: 5/5
   460 | D:1      | Learned a level 2 spell: Ensorcelled Hibernation
   575 | D:1      | Found a faded altar of an unknown god.
  1228 | D:2      | Gained mutation: You are afflicted with vampirism and can
                  | become a bat while bloodless. [Vampire growth]
  1228 | D:2      | Reached XP level 3. HP: 24/24 MP: 6/6
  1420 | D:2      | Reached skill level 5 in Stealth
  1635 | D:2      | Reached skill level 5 in Hexes
  2216 | D:3      | Reached XP level 4. HP: 30/30 MP: 7/7
  2466 | D:3      | Learned a level 3 spell: Confusing Touch
  3116 | D:4      | Noticed a kobold brigand
  3198 | D:4      | Killed a kobold brigand
  3199 | D:4      | Reached XP level 5. HP: 24/35 MP: 2/9
  3345 | D:4      | Identified the +2 chain mail of Leapfrog {rC+ Slay+2}
  3364 | D:4      | Found Udor's Book Shoppe.
  3642 | D:5      | Entered Level 5 of the Dungeon
  3642 | D:5      | Found Yrrutzut's Book Shoppe.
  3678 | D:5      | HP: 8/35 [white imp/puff of frost (6)]
  3686 | D:5      | HP: 6/35 [white imp/puff of frost (4)]
  3998 | D:5      | HP: 8/28 [ufetubus (2)]
  4004 | D:5      | HP: 6/28 [ufetubus (2)]
  4357 | D:5      | Reached XP level 6. HP: 32/32 MP: 10/10
  4443 | D:5      | Learned a level 3 spell: Tukima's Dance
  4975 | D:5      | Found a staircase to the Ecumenical Temple.
  5030 | Temple   | Entered the Ecumenical Temple
  5240 | Temple   | Became a worshipper of Uskayaw the Reveller
  5530 | D:5      | HP: 7/32 [gnoll (6)]
  5533 | D:5      | HP: 3/32 [gnoll (4)]
  5534 | D:5      | Slain by a gnoll

Illustrated notes

Levels and vault maps discovered:
D:1:      kilobyte_arrival_exit_the_forest, layout_loops_cross,
          hellmonk_ecumenical_altar_arch_garden
D:2:      layout_loops_ring, kennysheep_generic_room_8
D:3:      layout_basic
D:4:      layout_cave_pools, serial_shops, shop, lexackson_kobold_supper
D:5:      wad_river_or_something, layout_basic,
          minmay_temple_entry_enclosed_plants, serial_shops, shop
Temple:   mainiacjoe_temple_bowtie_tessellation

Skill      XL: |  1  2  3  4  5  6 |
---------------+-------------------+-----
Stealth        | 5 6 |  6.7
Hexes          | 5 6 |  6.3
Short Blades   | 2 3 |  3.5
Dodging        | 3 4 |  4.1
Spellcasting   | 3 |  3.5

Action                   |  1- 3 |  4- 6 || total
-------------------------+-------+-------++-------
Melee: Dagger            |   159 |   282 ||   441
       Bite              |    11 |    23 ||    34
Throw: Stone             |     2 |     6 ||     8
 Cast: Ensorcelled Hiber |    10 |     7 ||    17
       Confusing Touch   |       |    11 ||    11
 Abil: Exsanguinate      |       |     1 ||     1
 Stab: Sleeping          |    18 |    18 ||    36
       Confused          |       |    10 ||    10
Armor: Robe              |    30 |    34 ||    64
Dodge: Dodged            |   112 |   188 ||   300

Table legend: (Time is in decaauts)
 A = Elapsed time spent in this place.
 B = Non-inter-level travel time spent in this place.
 C = Inter-level travel time spent in this place.
 D = Time resting spent in this place.
 E = Time spent auto-exploring this place.
 F = Levels seen in this place.
 G = Mean time per level.
                   A        B        C        D        E       F      G
               +--------+--------+--------+--------+--------+-----+--------+
         Total |   5503 |   5221 |    282 |    402 |   3518 |   6 |  917.2 |
       Dungeon |   5267 |   5022 |    245 |    402 |   3331 |   5 | 1053.4 |
        Temple |    236 |    199 |     37 |      0 |    187 |   1 |  236.0 |
               +--------+--------+--------+--------+--------+-----+--------+

Top non-repeatable levels by time:
     D:5: 1356 daAuts
     D:3: 1095 daAuts
     D:1: 1041 daAuts
     D:2: 888 daAuts
     D:4: 885 daAuts
  Temple: 236 daAuts
